1v1 such cry baby talk
Match 35641764
End
Construct Weapon Support Center
M1919 Machine Gun Team
Construct Barracks
Riflemen Squad
Riflemen Squad
Grenade Package
Mechanized Support Center
Construct Medical Station
Riflemen Squad
M1918 Browning Automatic Rifles
M3 75 mm Gun Motor Carriage
Designate Forward Repair Station
Selects Special Operations Battlegroup
Selects Raiding Flares
Selects SSF Commando Squad
SSF Commando Squad
Selects M29 Weasel with M1 Pack Howitzer
Construct Tank Depot
M4A1 Sherman Medium Tank
M29 Weasel with M1 Pack Howitzer
M4A1 76mm Conversion
Selects Air Re-supply Operation
Selects Mark Vehicle
Selects UNKNOWN (2162291)
Improvised Armor
Air Re-Supply Operation
M4A1(76) Sherman Medium Tank
M18 Hellcat Tank Destroyer
M4A1(76) Sherman Medium Tank
M4A1 Sherman Whizbang
Construct Motor Pool
M4(105) Sherman Bulldozer
Salvage Crew
M4A1(76) Sherman Medium Tank
Riflemen Squad
Air Re-Supply Operation
M4A1(76) Sherman Medium Tank
Scout Squad
Engineer Squad
M4(105) Sherman Bulldozer
Zerikotep
geeroc
0
0
Comments sign in to comment!
No comments posted yet!